 Dungeon Crawl Stone Soup version 0.29.1-1-gd02db6906a (webtiles) character file.

Game seed: 10317046850380424863

49 brightshaft the Trooper (level 3, -2/20 HPs)
             Began as a Vine Stalker Fighter on Sept 23, 2022.
             Killed from afar by a white imp (9 damage)
             ... with a puff of frost
             ... summoned by Natasha
             ... on level 2 of the Dungeon.
             The game lasted 00:01:43 (1286 turns).

brightshaft the Trooper (Vine Stalker Fighter)      Turns: 1286, Time: 00:01:44

Health: -2/20      AC:  7    Str: 20    XL:     3   Next: 75%
Magic:  0/4        EV:  9    Int:  8    God:
Gold:   64         SH:  4    Dex: 13    Spells: 2/2 levels left

rFire   . . .      SeeInvis .   a - +0 flail
rCold   . . .      Faith    .   c - +0 buckler
rNeg    . . .      Spirit   +   b - +0 scale mail
rPois   .          Reflect  .   (no helmet)
rElec   .          Harm     .   (no cloak)
rCorr   .          Rampage  .   (no gloves)
Will    .....                   g - +0 pair of boots
Stlth   ..........              (no amulet)
HPRegen 0.06/turn               (no ring)
MPRegen 0.09/turn               (no ring)

@: slowed, very slow
A: fangs 2, magic shield, antimagic bite, no potion heal 2
a: no special abilities


You were on level 2 of the Dungeon.
You visited 1 branch of the dungeon, and saw 2 of its levels.

You collected 64 gold pieces.

Inventory:

Hand Weapons
 a - a +0 flail (weapon)
Armour
 b - a +0 scale mail (worn)
 c - a +0 buckler (worn)
 g - a +0 pair of boots (worn)
Scrolls
 f - a scroll of identify
 i - a scroll of butterflies {unknown}
 k - 2 scrolls of vulnerability {unknown}
 l - a scroll of amnesia {unknown}
 m - a scroll of enchant weapon {unknown}
Potions
 d - a potion of might
 e - 3 potions of curing
 h - a potion of degeneration {unknown}
 j - 2 potions of magic {unknown}


   Skills:
 + Level 3.0 Fighting
 * Level 2.6 Maces & Flails
 + Level 2.7 Armour
 + Level 3.0 Shields


You had 2 spell levels left.
You didn't know any spells.
Your spell library contained the following spells:

 Spells                   Type           Power      Damage    Failure   Level
 Shock                    Conj/Air       0%         1d3       86%         1
 Ensorcelled Hibernation  Hex/Ice        0%         N/A       94%         2
 Passwall                 Tmut/Erth      0%         N/A       94%         2
 Swiftness                Air            0%         N/A       99%         3
 Airstrike                Air            0%         2d(0-16)  100%        4


Dungeon Overview and Level Annotations

Branches:
Dungeon (2/15)

Altars:

Shops:
D:1 [

Annotations:
D:2 Natasha


Innate Abilities, Weirdness & Mutations

You have extremely sharp teeth.
When hurt, damage is shared between your health and your magic reserves.
Your bite disrupts and absorbs the magic of your enemies.
Potions cannot restore your health.


Message History

Natasha claws you. Natasha closely misses you.
You barely miss Natasha.
Natasha is severely wounded.
You block Natasha's attack.
You barely miss Natasha.
Natasha is severely wounded.
Natasha drinks a potion.
Natasha is healed!
You closely miss Natasha. You bite Natasha, but do no damage.
Natasha is lightly wounded.
Natasha claws you. You block Natasha's attack.
You hit Natasha.
Natasha is moderately wounded.
Natasha claws you.
You miss Natasha.
Natasha is moderately wounded.
Natasha claws you but does no damage.
You closely miss Natasha.
Natasha is moderately wounded.
Natasha claws you.
Natasha mumbles some strange words.
You closely miss Natasha.
Natasha is moderately wounded.
Natasha howls an incantation.
Natasha shimmers violently.
Natasha barely misses you.
You barely miss Natasha. Your bite misses Natasha.
Natasha is moderately wounded.
Natasha barely misses you.
The white imp hits you but does no damage.
You closely miss Natasha.
Natasha is moderately wounded.
Natasha casts a spell at you.
You feel yourself slow down. The white imp gestures at you.
The puff of frost hits you.
Natasha stares at you and mumbles some strange words.
The magic dart hits you. The white imp gestures at you.
The puff of frost hits you!
You die...

# ###. .....
...####
.#+#....#######
......h5......+
#@###.# #.....#
##..#.#
#####..##
#.......##
#.####...##
#....## #.....#
#...#.#


You could see Natasha and a white imp (summoned).

Vanquished Creatures
  2 gnolls (D:1)
  A dart slug (D:1)
  2 ball pythons (D:1)
  2 bats (D:1)
  4 endoplasms (D:1)
  2 giant cockroaches (D:1)
  4 goblins (D:1)
  A hobgoblin (D:1)
  4 kobolds (D:1)
  2 frilled lizards (D:1)
  3 rats (D:1)
27 creatures vanquished.

Notes
Turn   | Place    | Note
-------+----------+-------------------------------------------
     0 | D:1      | brightshaft the Vine Stalker Fighter began the quest for
                  | the Orb.
     0 | D:1      | Reached XP level 1. HP: 11/11 MP: 2/2
   244 | D:1      | Reached XP level 2. HP: 16/16 MP: 3/3
   470 | D:1      | Reached XP level 3. HP: 13/19 MP: 4/4
   760 | D:1      | Found Gyotwemu's Antique Armour Shop.
  1126 | D:1      | Found a faded altar of an unknown god.
  1274 | D:2      | Noticed Natasha
  1286 | D:2      | Killed from afar by a white imp

Illustrated notes

Levels and vault maps discovered:
D:1:      dpeg_arrival_rhombus, layout_loops_ring,
          dilly_ecumenical_altar_fadedgnrine, serial_shops,
          nicolae_shop_overgrown_old_shop, minmay_indecisive_spiral
D:2:      layout_basic, pf_guarded_unrand_woodcutter, uniq_terence, uniq_natasha

Skill      XL: |  1  2  3 |
---------------+----------+-----
Maces & Flails | 2 |  2.6
Fighting       | 3 |  3.0
Shields        | 3 |  3.0
Armour         | |  2.7

Action                   || total
-------------------------++-------
Melee: Flail             ||    82
       Bite              ||    16
  Use: Scroll            ||     2
Armor: Scale mail        ||    39
Dodge: Dodged            ||    22
Block: Buckler           ||    19
